[Event "*** Titled Tuesday Blitz"]
[Site "Chess.com"]
[Date "2020.12.01"]
[Round "8"]
[White "SergeiAza"]
[Black "Sviridov_Valery"]
[Result "0-1"]
[WhiteElo "2832"]
[BlackElo "2930"]
[TimeControl "180+1"]
[EndTime "11:27:09 PST"]
[Termination "Sviridov_Valery won on time"]

1. e4 Nf6 2. e5 Nd5 3. d4 d6 4.
Nf3 dxe5 5. Nxe5 c6 6. Bd3 Nd7 7. Nf3 N7f6 8. h3 Nb4 9. Be2 Bf5 10. Na3 e6 11. O-O Be7 12. c3 Nbd5 13. Nc4 O-O 14.
Nce5 h6 15. a3 Bh7 16. c4 Nb6 17. Bf4 Nbd7 18. Re1 Nxe5 19. Nxe5 Qb6 20. b4 a5 21. c5 Qd8 22. b5 Nd5 23. Qd2 Nxf4 24. Qxf4 Bg5 25.
Qg3 Qxd4 26. Rad1 Qf4 27. Qc3 Bf6 28. Bf1 cxb5 29. Bxb5 Rfc8 30. g3 Qf5 31. h4 Qc2 32.
Qxc2 Bxc2 33. Rc1 Rxc5 34. Nd7 Rxb5 35. Nxf6+ gxf6 36. Rxc2 Rd8 37. Rc7 h5 38. a4 Rb4 39.
Rc5 Rd5 40. Rc7 b6 41. Rec1 f5 42. Rb7 f4 43. Rc8+ Kg7 44. Rcc7 Rf5 45. gxf4 Rfxf4 46. Kg2 Rxa4 47. Rxb6 Kg6 48. Rb8 Rg4+ 49. Kf1 Rxh4 50.
Rg8+ Kf6 51. Rf8 Ra1+ 52. Kg2 Rg4+ 53. Kh2 Rg7 54. Rh8 Ra4 55. Rxh5 Rf4 0-1

[Event "*** Titled Tuesday Blitz"]
[Site "Chess.com"]
[Date "2020.12.01"]
[Round "8"]
[White "Stormeman100100"]
[Black "KononenkoD"]
[Result "0-1"]
[WhiteElo "2485"]
[BlackElo "2383"]
[TimeControl "180+1"]
[EndTime "11:27:09 PST"]
[Termination "KononenkoD won on time"]

1. d4 Nf6 2. c4 c5 3. dxc5 e6 4. Nc3 Bxc5 5. Bg5 O-O 6. e3 h6 7.
Bh4 b6 8. Nf3 Bb7 9. Be2 Be7 10. O-O d6 11. Qc2 Nbd7 12. Rfd1 Rc8 13. Rac1 Qc7 14. Nb5 Qb8 15. Qd3 Nc5 16. Qb1 Be4 17. Qa1 Rfd8 18. b4 Ncd7 19. Qd4 Bxf3 20. Bxf3 Ne5 21. Be2 a6 22. Nc3 Nc6 23. Qf4 g5 24.
Qg3 Nh7 25. f4 Kh8 26. fxg5 hxg5 27. Rf1 Ne5 28. Ne4 gxh4 29. Qf4 Rg8 30. Kh1 f5 31. Nd2 Rcf8 32. Qf2 Ng4 33. Qg1 Bg5 34. Rf3 e5 35. Rcf1 e4 36. Rxf5 Rxf5 37. Rxf5 Bxe3 38. Qa1+ Ne5 39.
Nxe4 Qc8 40. Nxd6 Qe6 41. Rxe5 Qf6 42. Ne4 Qg7 0-1

[Event "*** Titled Tuesday Blitz"]
[Site "Chess.com"]
[Date "2020.12.01"]
[Round "8"]
[White "malakismayil"]
[Black "RaphCamora"]
[Result "1-0"]
[WhiteElo "2288"]
[BlackElo "2407"]
[TimeControl "180+1"]
[EndTime "11:27:10 PST"]
[Termination "malakismayil won by checkmate"]

1. e4 c5 2. Nf3 Nc6 3. Bb5 g6 4. c3 Bg7 5. d4 cxd4 6. cxd4 Nf6 7. Nc3 d5 8. e5 Ne4 9. O-O O-O 10. Bxc6 bxc6 11.
Qe2 a5 12. Rd1 Nxc3 13. bxc3 Ba6 14. Qe3 Rb8 15. Ba3 Qd7 16. Re1 Qc7 17. e6 f6 18.
Nd2 Rb7 19. Nb3 Bc4 20. Nc5 Rb5 21. Nd7 Re8 22. Rab1 Bxa2 23. Rxb5 cxb5 24. Bc5 Bc4 25. Bb6 Qc6 26. Bxa5 h5 27. Bb4 Kh7 28. h4 Bh6 29. Qg3 Bb3 30. Ra1 Qxe6 31. Nc5 Qf5 32. Nxb3 Bf4 33.
Qf3 Kh6 34. g3 Bc7 35. Qxf5 gxf5 36. Ra7 Bd8 37. Rd7 e6 38. Rb7 Rg8 39. Kf1 f4 40. Kg2 fxg3 41. fxg3 f5 42. Kf3 Bf6 43. Rxb5 Rg4 44.
Rb6 f4 45. gxf4 Kg7 46. Rxe6 Bxh4 47. Bd6 Rg3+ 48. Ke2 Rxc3 49. Nc5 Bg3 50. Be5+ Kf7 51. Rh6 h4 52. Rh7+ Kg6 53. Rg7+ Kf5 54. Rg5# 1-0

[Event "*** Titled Tuesday Blitz"]
[Site "Chess.com"]
[Date "2020.12.01"]
[Round "8"]
[White "Brave_spirit12"]
[Black "anon219"]
[Result "0-1"]
[WhiteElo "2488"]
[BlackElo "2748"]
[TimeControl "180+1"]
[EndTime "11:27:11 PST"]
[Termination "anon219 won by checkmate"]

1. e4 c5 2. c3 d5 3. exd5 Qxd5 4. Nf3 Nc6 5. Be2 Bf5 6. d4 cxd4 7. cxd4 Bxb1 8. Rxb1 e6 9. O-O Nf6 10. b3 Bd6 11. Bg5 Ne4 12. Bc4 Qa5 13. d5 Nc3 14. Qd3 Nxd5 15. Bxd5 Qxd5 16. Qxd5 exd5 17. Rfe1+ Kd7 18.
Red1 f6 19. Be3 Ne7 20. Nd4 a6 21. b4 Rhc8 22. a4 Rc4 23. b5 a5 24. b6 Rxa4 25. Nb5 Rb4 26. Rxb4 axb4 27. Rc1 Nc6 28. g3 Ra5 29.
Na7 b3 30. Rb1 d4 31. Bc1 Nxa7 32. bxa7 Rxa7 33. Bb2 Bc5 34. Kf1 Ra2 35. Ke1 d3 36.
Bc1 Bb4+ 37. Kf1 d2 38. Bxd2 Bxd2 39. Rxb3 Kc6 40. Kg2 b5 41. Kh3 b4 42. Kg4 Bc3 43. f4 Rb2 44. Rxb2 Bxb2 45. Kf5 Bc1 46. Ke6 b3 47. Kf7 b2 48. Kxg7 b1=Q 49. Kxf6 Qg6+ 50. Ke5 Bb2# 0-1

[Event "*** Titled Tuesday Blitz"]
[Site "Chess.com"]
[Date "2020.12.01"]
[Round "8"]
[White "Jungle_Jaguar"]
[Black "queen_iryna"]
[Result "1-0"]
[WhiteElo "2533"]
[BlackElo "2308"]
[TimeControl "180+1"]
[EndTime "11:27:12 PST"]
[Termination "Jungle_Jaguar won on time"]

1. e4 d6 2. d4 Nf6 3. Nc3 e5 4. Nf3 Nbd7 5. Be2 Be7 6. O-O O-O 7. h3 c6 8. a4 Re8 9. dxe5 dxe5 10. Nd2 Bb4 11.
Bf3 Nc5 12. Qe2 Ne6 13. Qc4 Qb6 14. Nb3 Bxc3 15. bxc3 Nf4 16. Be3 Qc7 17. a5 Be6 18.
Qb4 Nd7 19. Rfd1 b6 20. Qd6 Rac8 21. Qxc7 Rxc7 22. axb6 axb6 23. Rd6 c5 24. h4 Rb8 25.
h5 g6 26. h6 Kf8 27. g3 Nh5 28. Be2 Ke7 29. Rd2 Nhf6 30. f3 c4 31. Nc1 Nc5 32. Bg5 Rd7 33. Rxd7+ Nxd7 34. Kf2 Ke8 35. Ke3 Ng8 36. Ra7 f6 37. Bxf6 Ngxf6 38. Na2 Nc5 39. Nb4 Rb7 40. Ra8+ Kf7 41. Rh8 b5 42. f4 exf4+ 43.
gxf4 Ncxe4 44. Bf3 1-0

[Event "*** Titled Tuesday Blitz"]
[Site "Chess.com"]
[Date "2020.12.01"]
[Round "8"]
[White "tteshan"]
[Black "glebus008"]
[Result "1-0"]
[WhiteElo "2373"]
[BlackElo "2242"]
[TimeControl "180+1"]
[EndTime "11:27:12 PST"]
[Termination "tteshan won on time"]

1. e4 d5 2. exd5 Nf6 3. Bb5+ Nbd7 4. Nc3 a6 5. Be2 Nb6 6. d3 Nbxd5 7. Nxd5 Nxd5 8.
Bf3 g6 9. Ne2 Bg7 10. O-O O-O 11.
c3 c5 12. Re1 e6 13. Ng3 Bd7 14. a3 Bc6 15. Ne4 b6 16. Bg5 f6 17. Bh4 e5 18. h3 Qd7 19. c4 Nf4 20. Re3 Rad8 21. Be2 Bxe4 22. dxe4 Qe6 23. Qc2 Rd4 24. Bg3 Nxe2+ 25. Qxe2 Qxc4 26. Qg4 Rfd8 27. b3 Qf7 28. Rae1 Rd2 29. f4 Bh6 30. Rf3 exf4 31. Bxf4 Bxf4 32. Qxf4 Rc2 33. e5 Rdd2 34. exf6 Rxg2+ 35. Kf1 h5 36. Qb8+ Kh7 37. Qf4 Rh2 38. Kg1 Rcg2+ 39.
Kf1 Rb2 40. Qxh2 1-0

[Event "*** Titled Tuesday Blitz"]
[Site "Chess.com"]
[Date "2020.12.01"]
[Round "8"]
[White "esapunov"]
[Black "Meri-Arabidze"]
[Result "1-0"]
[WhiteElo "2805"]
[BlackElo "2619"]
[TimeControl "180+1"]
[EndTime "11:27:13 PST"]
[Termination "esapunov won on time"]

1. c4 e5 2. Nf3 Nc6 3. Nc3 f5 4. d4 e4 5. Ng5 Nf6 6. a3 Be7 7. Nh3 O-O 8. Nf4 a5 9. e3 d6 10. h4 Ng4 11. g3 Bf6 12. Be2 Nh6 13. Ncd5 Ne7 14. Nxf6+ Rxf6 15. d5 Ng6 16. b3 Ne5 17. Bb2 b6 18. Kf1 Rf8 19. Kg2 Nhg4 20. b4 Qe7 21. Bc3 Ba6 22. Qd4 Rf7 23. bxa5 bxa5 24. Rab1 Nd3 25. Nxd3 exd3 26. Bxd3 Ne5 27. Be2 c5 28. dxc6 Nxc6 29. Qd5 Bb7 30. Bf3 Nd8 31. Rxb7 Nxb7 32. Rb1 Rb8 33. Bd4 Kh8 34. h5 h6 35.
Ba7 Rbf8 36. Bd4 Nc5 37. Rb6 Kh7 38. Rxd6 Ne4 39. Re6 Qg5 40. Bxe4 fxe4 41. Qxe4+ Kg8 42. f4 Qd8 43. c5 Qb8 44. c6 Qb3 45. Rg6 Qa2+ 46.
Kh3 Qc4 47. Kh2 Qa2+ 48. Qg2 Qc4 49. Qb2 Re8 50. Bxg7 1-0

[Event "*** Titled Tuesday Blitz"]
[Site "Chess.com"]
[Date "2020.12.01"]
[Round "8"]
[White "plumalka"]
[Black "Lysiak_Poltorak"]
[Result "1-0"]
[WhiteElo "2489"]
[BlackElo "2364"]
[TimeControl "180+1"]
[EndTime "11:27:13 PST"]
[Termination "plumalka won on time"]

1. e4 c5 2. Nf3 Nc6 3. d4 cxd4 4. Nxd4 Nf6 5. Nc3 e5 6. Ndb5 d6 7. Bg5 a6 8. Na3 b5 9. Bxf6 gxf6 10. Nd5 f5 11. Bd3 Be6 12. O-O Bg7 13. Qh5 f4 14. c3 Ne7 15. Nxe7 Qxe7 16. Nc2 O-O 17. a4 Qd7 18. axb5 axb5 19. Nb4 Kh8 20. Qe2 Rg8 21.
Bxb5 f3 22. Rxa8 Rxa8 23. Qd3 Qe7 24. Qxf3 Rf8 25. Bc6 f5 26. Bd5 fxe4 27. Qxe4 Bf5 28. Qe3 Qf6 29. Be4 Bh6 30. Qd3 Bc8 31. Nd5 Qg7 32. Qg3 Qxg3 33. hxg3 Bg5 34. b4 Be6 35. b5 Rb8 36. Rb1 Bxd5 37. Bxd5 Bd2 38. b6 Bxc3 39. b7 Bd4 40. Rc1 Ba7 41. Rc6 Kg7 42. Rxd6 Kf8 43. Re6 Kg7 44. Rxe5 Rf8 45. Re2 1-0

[Event "*** Titled Tuesday Blitz"]
[Site "Chess.com"]
[Date "2020.12.01"]
[Round "8"]
[White "fyall777"]
[Black "Tpros"]
[Result "1-0"]
[WhiteElo "2314"]
[BlackElo "2500"]
[TimeControl "180+1"]
[EndTime "11:27:14 PST"]
[Termination "fyall777 won on time"]

1. e3 d5 2. c4 c6 3. Nc3 g6 4. Nf3 Bg7 5. d4 a6 6. cxd5 cxd5 7. Ne5 e6 8. h4 f6 9. Nf3 h5 10. Bd3 Ne7 11. Qc2 f5 12. Ne5 Nbc6 13. f4 Bd7 14. a3 Rc8 15. Qf2 Bf6 16. Bd2 Na5 17.
Rd1 Nc4 18. Bxc4 dxc4 19. Bc1 Bc6 20. Nxc6 Rxc6 21. e4 fxe4 22. Nxe4 Nd5 23. Qg3 Kf7 24. Ng5+ Bxg5 25. fxg5 Qc7 26. O-O+ Ke7 27. Bf4 Nxf4 28. Rxf4 Rf8 29. Rdf1 Rxf4 30. Rxf4 c3 31. bxc3 Rxc3 32. Qf2 Rc1+ 33. Kh2 Rc2 34. Qe3 Re2 35. Qg3 Rc2 36. Rf6 Qxg3+ 37. Kxg3 Rc3+ 38. Kf4 Rxa3 39. Rxg6 b5 40.
Rg7+ Kd6 41. g6 Rd3 42. Kg5 Rg3+ 43. Kxh5 b4 44. Ra7 b3 45. Rxa6+ Kd5 46. Rb6 Kc4 47.
Kh6 Rxg2 48. g7 Kxd4 49. Rxb3 e5 50. Kh7 1-0

[Event "*** Titled Tuesday Blitz"]
[Site "Chess.com"]
[Date "2020.12.01"]
[Round "8"]
[White "MaxLeto"]
[Black "Soltan49"]
[Result "1-0"]
[WhiteElo "2367"]
[BlackElo "2208"]
[TimeControl "180+1"]
[EndTime "11:27:14 PST"]
[Termination "MaxLeto won by resignation"]

1. g4 h5 2. g5 h4 3. d4 g6 4. Bf4 d5 5. Qd2 Bg7 6. Nc3 Bf5 7. Bg2 c6 8. O-O-O Nd7 9. h3 Qa5 10.
Kb1 O-O-O 11. Nf3 f6 12. gxf6 exf6 13. Rhe1 g5 14. Bh2 Ne7 15. Ne4 Qxd2 16. Nd6+ Kc7 17. Nxf5+ Kb6 18. Nxd2 Nxf5 19. c3 Rde8 20. e4 Ne7 21. f3 Ng6 22. Bf1 Re7 23. c4 Rhe8 24.
c5+ Ka5 25. a3 b5 26. cxb6 Kxb6 27. b4 f5 28. e5 f4 29. Rc1 Ngf8 30. Nb3 Ne6 31.
Bg1 Rb8 32. Na5 Rc8 33. Rc2 Nb8 34.
Rec1 Nd8 35. Bf2 Rec7 36. Bd3 Ne6 37. Bf5 Re8 38. Ka2 Ree7 39. Kb3 Nd8 40. a4 Bxe5 41.
dxe5+ Ka6 42. e6 Red7 43. exd7 1-0

[Event "*** Titled Tuesday Blitz"]
[Site "Chess.com"]
[Date "2020.12.01"]
[Round "8"]
[White "anasta10"]
[Black "GothamChess"]
[Result "0-1"]
[WhiteElo "2437"]
[BlackElo "2578"]
[TimeControl "180+1"]
[EndTime "11:27:17 PST"]
[Termination "GothamChess won on time"]

1. d4 Nf6 2. c4 e5 3. dxe5 Ng4 4. Nf3 Bc5 5. e3 Nc6 6. Be2 Ngxe5 7. O-O O-O 8. Nc3 Nxf3+ 9. Bxf3 Ne5 10. Be2 Re8 11. b3 a5 12. Bb2 Ra6 13. Ne4 Bf8 14. Ng3 Rh6 15. Nf5 Rg6 16. Bh5 Rf6 17. Ng3 g6 18. f4 Rd6 19. Qc2 Nc6 20. Qc3 f6 21. Bf3 Bg7 22. c5 Rde6 23. Bd5 Nb4 24. Bxe6+ dxe6 25. Rad1 Qe7 26. a3 Nd5 27. Qd4 f5 28. Qxg7+ Qxg7 29. Bxg7 Kxg7 30. Rfe1 c6 31. Rd4 e5 32. fxe5 Rxe5 33.
Kf2 Ne7 34. b4 a4 35. Ne2 Be6 36. Nf4 Bb3 37. Rd7 Kf6 38. Rxb7 g5 39. Nd3 Rd5 40. Nc1 Bc4 41. Ne2 Rd2 42. Rb6 Bb5 43. Kf1 Nd5 44.
Rxb5 Nxe3+ 45. Kf2 Ng4+ 0-1

[Event "*** Titled Tuesday Blitz"]
[Site "Chess.com"]
[Date "2020.12.01"]
[Round "8"]
[White "sokidze"]
[Black "Srisshhhtea"]
[Result "1-0"]
[WhiteElo "2508"]
[BlackElo "2275"]
[TimeControl "180+1"]
[EndTime "11:27:19 PST"]
[Termination "sokidze won by checkmate"]

1. e4 e6 2. d4 d5 3. Nd2 c5 4. exd5 exd5 5. Ngf3 Nc6 6. Bb5 cxd4 7. Qe2+ Qe7 8.
Nxd4 Qxe2+ 9. Kxe2 Bd7 10. N2f3 Bc5 11. Nb3 Bb6 12. Be3 Bxe3 13. Kxe3 Nge7 14. Nc5 O-O-O 15. Nxd7 Rxd7 16. Rad1 Rhd8 17. Rhe1 Nf5+ 18. Kd2 a6 19. Bd3 Nd6 20. Kc1 Kc7 21. Ne5 Nxe5 22. Rxe5 Nc8 23.
Rde1 Kd6 24. Rf5 f6 25. Rf3 h6 26. Rd1 Ne7 27. h4 Kc7 28. h5 Nc6 29. Bf5 Re7 30.
Rfd3 Re2 31. Rg3 Re7 32. Rgd3 Re2 33. Rxd5 Rxd5 34. Rxd5 Rxf2 35. Rd7+ Kb6 36. g4 Ne5 37. Rxg7 Nf3 38. b3 Nd4 39. Bd3 Rg2 40. Rg6 Kc5 41.
Rxh6 Rxg4 42. Rxf6 Rh4 43. h6 Kb4 44. Kb2 Nb5 45. a3+ Nxa3 46. c3+ Ka5 47. Kxa3 b5 48. b4+ Rxb4 49. cxb4# 1-0

[Event "*** Titled Tuesday Blitz"]
[Site "Chess.com"]
[Date "2020.12.01"]
[Round "8"]
[White "Skat2704"]
[Black "juancruzarias"]
[Result "0-1"]
[WhiteElo "2344"]
[BlackElo "2504"]
[TimeControl "180+1"]
[EndTime "11:27:19 PST"]
[Termination "juancruzarias won by resignation"]

1. d4 e6 2. c4 Nf6 3. Nf3 Bb4+ 4. Bd2 Qe7 5. g3 b6 6. Bg2 Bb7 7.
O-O Bxd2 8. Nbxd2 O-O 9. Qc2 d6 10. e4 Nbd7 11. Rfe1 e5 12. Rac1 Rfe8 13. b4 a5 14. a3 axb4 15. axb4 c6 16. Nb3 c5 17. bxc5 bxc5 18. d5 Nb8 19. Ra1 Na6 20. Na5 Nb4 21. Qc3 Qc7 22. Nxb7 Qxb7 23. Nd2 Rxa1 24. Rxa1 Ra8 25.
h3 Nd7 26. f4 g6 27. Nf3 Rxa1+ 28. Qxa1 Nc2 29. Qa5 Nd4 30. Qd8+ Kg7 31. f5 Nxf3+ 32. Bxf3 gxf5 33. exf5 Qb1+ 34. Kh2 Qc2+ 35. Bg2 Qxf5 36. Qe7 Nf6 37. Qxd6 e4 38. Qxc5 Qe5 39. Qe3 h5 40.
Qf4 Qd4 41. Qg5+ Kf8 42. c5 e3 43. c6 e2 44. Qc1 Ne8 45. Qh6+ Ke7 46. Qg5+ Kd6 47.
Qh6+ Nf6 48. Qc1 Qe5 49. Qe1 h4 50. c7 Qxg3+ 51. Qxg3+ hxg3+ 52. Kxg3 e1=Q+ 53. Kh2 Kxc7 0-1

[Event "*** Titled Tuesday Blitz"]
[Site "Chess.com"]
[Date "2020.12.01"]
[Round "8"]
[White "ZenBull"]
[Black "26andrej26"]
[Result "0-1"]
[WhiteElo "2211"]
[BlackElo "2499"]
[TimeControl "180+1"]
[EndTime "11:27:21 PST"]
[Termination "26andrej26 won on time"]

1. Nf3 Nf6 2. c4 g6 3. Nc3 Bg7 4. e4 d6 5. d4 O-O 6. h3 e5 7. d5 a5 8. Bg5 Na6 9. Be2 Bd7 10. O-O Qb8 11. Rc1 c6 12. b3 Rc8 13. Nd2 cxd5 14. cxd5 b5 15. Bd3 Nc5 16. Bb1 Nh5 17. Qf3 Nf4 18. Bxf4 exf4 19. Qxf4 Nxb3 20. Nxb3 Bxc3 21. Rfd1 Qb6 22. Nd2 Be5 23. Qh4 a4 24. Nf3 Bg7 25.
Qf4 b4 26. e5 Re8 27. exd6 Ra6 28. Ng5 Rf8 29. Ne4 f5 30. Nc5 Qxd6 31. Qxd6 Rxd6 32.
Nxd7 Rxd7 33. Bc2 Ra8 34. Rb1 Bc3 35. Rd3 Kg7 36. Rbd1 Kf6 37. f4 Ke7 38. Kf2 Kd6 39. Kf3 Re7 40. g4 Rf7 41. Re3 Raf8 42. Re6+ Kc7 43.
g5 Ra8 44. Rc6+ Kd8 45. d6 Rd7 46. Rd5 Rda7 47. Rdc5 Ra6 0-1

[Event "*** Titled Tuesday Blitz"]
[Site "Chess.com"]
[Date "2020.12.01"]
[Round "8"]
[White "NewBornNow"]
[Black "Bigfish1995"]
[Result "1-0"]
[WhiteElo "2715"]
[BlackElo "3031"]
[TimeControl "180+1"]
[EndTime "11:27:23 PST"]
[Termination "NewBornNow won on time"]

1. e4 c5 2. Nf3 d6 3. d4 cxd4 4.
Nxd4 Nf6 5. Nc3 a6 6. Be3 Ng4 7. Bg5 h6 8. Bh4 g5 9. Bg3 Bg7 10. h3 Ne5 11. f3 Nbc6 12. Bf2 Ng6 13. Qd2 Nxd4 14. Bxd4 Bxd4 15. Qxd4 Be6 16. O-O-O Rc8 17. Kb1 Qa5 18. a3 Qc5 19. Qd2 f6 20. g3 Qe5 21.
Rg1 h5 22. h4 gxh4 23. f4 Qc5 24. Bd3 Bg4 25. e5 f5 26. exd6 Qxd6 27. Rde1 hxg3 28. Rxg3 Qxf4 29. Rge3 O-O 30. Qg2 e5 31. Qxb7 Qd4 32. Qxa6 Kg7 33. Nb5 Qc5 34. b4 Qe7 35. Qd6 e4 36.
Qd4+ Kh6 37. Bxe4 fxe4 38. Rxe4 Qg5 39. Nd6 Rcd8 40. c4 Rf6 41. c5 Rfxd6 42. cxd6 Bf5 43.
Ka1 Bxe4 44. Rxe4 h4 45. Rg4 Qh5 46. Qe3+ 1-0

[Event "*** Titled Tuesday Blitz"]
[Site "Chess.com"]
[Date "2020.12.01"]
[Round "8"]
[White "MarcLonoff"]
[Black "chesstatour"]
[Result "0-1"]
[WhiteElo "2177"]
[BlackElo "2004"]
[TimeControl "180+1"]
[EndTime "11:27:23 PST"]
[Termination "chesstatour won on time"]

1. c4 c6 2. e4 d5 3. cxd5 cxd5 4. exd5 Nf6 5. Nc3 g6 6. Bc4 Bg7 7. Nf3 O-O 8. O-O a6 9. Bb3 b5 10. d4 Bb7 11. Bf4 Nxd5 12. Be5 Nxc3 13. bxc3 Bd5 14. Bxg7 Kxg7 15. Qe2 Nc6 16. Rfe1 e6 17. Ne5 Na5 18. Bxd5 Qxd5 19. a4 Nc4 20. Nxc4 bxc4 21. Qe5+ Qxe5 22. Rxe5 Rfc8 23. g4 Rab8 24. g5 Rb3 25. Re3 Rcb8 26. Kg2 Rb1 27. Ra2 R8b2 28. Rxb2 Rxb2 29. Re5 Ra2 30.
a5 Ra3 31. Rc5 Rxc3 32. Rc6 Rd3 33. Rxc4 Ra3 34. Rc5 Ra4 35. d5 Rg4+ 36. Kf3 Rxg5 37. Rc6 Rxd5 38. Rxa6 h5 39. Ra8 g5 40. a6 Ra5 41. a7 Kf6 42. Rh8 Rxa7 43. Rxh5 Kf5 44.
Rh8 Ra3+ 45. Kg2 f6 46. Rg8 Ra4 47. Rf8 e5 48. Re8 e4 49. Rc8 Ra2 50. Rc5+ Kf4 51. Rc3 f5 52. Re3 Rd2 53. Rg3 Rd3 0-1

[Event "*** Titled Tuesday Blitz"]
[Site "Chess.com"]
[Date "2020.12.01"]
[Round "8"]
[White "chessdjw"]
[Black "Arseniy_Nesterov"]
[Result "0-1"]
[WhiteElo "2647"]
[BlackElo "2843"]
[TimeControl "180+1"]
[EndTime "11:27:24 PST"]
[Termination "Arseniy_Nesterov won by resignation"]

1. d4 Nf6 2. c4 e6 3. g3 c5 4. d5 exd5 5. cxd5 d6 6. Nc3 g6 7.
Bg2 Bg7 8. Nf3 O-O 9. O-O Nbd7 10. a4 Ng4 11. Bf4 Nge5 12. Nd2 a6 13. Qc2 Rb8 14.
a5 b5 15. axb6 Qxb6 16. Ra2 Re8 17. Nde4 h6 18. h4 f5 19. Nd2 Qc7 20. Rc1 Nf6 21.
Bxe5 Rxe5 22. Nc4 Re8 23. e3 Ng4 24. Ne2 Ne5 25. b3 Nxc4 26. bxc4 g5 27. hxg5 hxg5 28. Rb1 Rb4 29. Ra3 Qb6 30. Rbb3 Bd7 31. Nc1 Rb8 32. Qa2 a5 33. Rxb4 cxb4 34. Rxa5 b3 35. Nxb3 Qxb3 36. Qxb3 Rxb3 37. c5 dxc5 38. Rxc5 Rb1+ 39. Kh2 Be5 40. Ra5 Rb6 41. Ra8+ Kf7 42. Ra7 Ke8 43. Bf3 g4 44. Be2 Rb2 45. Bc4 Rxf2+ 46. Kg1 Rc2 47. Bf1 Bxg3 48. d6 Bxd6 49. Bg2 Bc5 50. Ra8+ Ke7 51. Kh2 Rxg2+ 52. Kxg2 Bc6+ 53. e4 Bxa8 0-1

[Event "*** Titled Tuesday Blitz"]
[Site "Chess.com"]
[Date "2020.12.01"]
[Round "8"]
[White "picturesquecheck"]
[Black "Leo_C"]
[Result "0-1"]
[WhiteElo "2161"]
[BlackElo "2375"]
[TimeControl "180+1"]
[EndTime "11:27:26 PST"]
[Termination "Leo_C won by resignation"]

1. e4 c6 2. d4 d5 3. Nd2 dxe4 4. Nxe4 Bf5 5. Ng3 Bg6 6. h4 h6 7. Nf3 e6 8. h5 Bh7 9. Bd3 Bxd3 10.
Qxd3 Nf6 11. Bd2 c5 12. Ne4 Nc6 13. Bc3 Nb4 14. Bxb4 cxb4 15. Nxf6+ gxf6 16. d5 Qxd5 17. Qxd5 exd5 18. O-O-O O-O-O 19. Kb1 Bc5 20. Rh4 Rhg8 21. g3 Bxf2 22. Rxb4 Rxg3 23. Nh4 Rg5 24. Rf1 Re8 25. a4 Re1+ 26. Rxe1 Bxe1 27. Rf4 Bxh4 28. Rxh4 f5 29. c3 Rg4 30. Rh2 Rxa4 31. Rf2 f4 32. Kc2 d4 33. Kd3 dxc3 34. bxc3 a5 35. c4 Ra3+ 36. Ke4 Rh3 37. Rxf4 Rxh5 38. Rxf7 Kb8 39. Kd4 a4 40. Kc3 a3 41. Kb3 Rh3+ 42. Ka2 h5 43. c5 h4 44. Rh7 Kc8 45. Ka1 Rc3 46. Rxh4 Rxc5 47. Ka2 Rc3 48. Rh7 b5 49. Ra7 b4 50.
Rh7 Rc2+ 51. Kb1 b3 52. Rh3 a2+ 0-1

[Event "*** Titled Tuesday Blitz"]
[Site "Chess.com"]
[Date "2020.12.01"]
[Round "8"]
[White "Lion-Al-Messi"]
[Black "esskeettit"]
[Result "0-1"]
[WhiteElo "2571"]
[BlackElo "2462"]
[TimeControl "180+1"]
[EndTime "11:27:27 PST"]
[Termination "esskeettit won by resignation"]

1. e4 c5 2. Nf3 Nc6 3. d4 cxd4 4.
Nxd4 g6 5. c4 Nf6 6. Nc3 d6 7.
Be3 Ng4 8. Qf3 Nxe3 9. fxe3 Bg7 10. O-O-O Ne5 11. Qe2 Bd7 12. h4 h5 13. g3 Bg4 14.
Qc2 Bxd1 15. Qxd1 a6 16. Be2 Rc8 17. Qb3 Qc7 18. Kb1 Nxc4 19. Bxc4 Qxc4 20. Qxb7 O-O 21. Qxe7 Qd3+ 22. Ka1 Rxc3 23. g4 Qxe3 24. Nb3 Rxb3 25.
axb3 Qxb3 26. Rh2 Rc8 27. Qg5 Rc5 28. Qd2 Qa4+ 29. Kb1 Qxe4+ 30. Ka1 Qe5 31. Re2 Ra5+ 32. Kb1 Qd5 33. Qe3 Rb5 34. Rc2 Qd1+ 35. Qc1 Qxc1+ 36. Kxc1 hxg4 37. Rg2 f5 38. Kd1 Rxb2 39. Rg3 Ra2 40. Rd3 a5 41. Rxd6 g3 42. Rxg6 g2 43. h5 g1=Q+ 44.
Rxg1 Ra1+ 45. Ke2 Rxg1 46. Kf3 Rh1 47. Kf4 Rxh5 48. Kf3 Rh1 49. Kg2 Rd1 50. Kg3 Rd8 51. Kf3 a4 52. Kf4 a3 53. Kg5 a2 54. Kg6 a1=Q 55.
Kg5 Qg1+ 56. Kh5 Rd2 0-1

[Event "*** Titled Tuesday Blitz"]
[Site "Chess.com"]
[Date "2020.12.01"]
[Round "8"]
[White "FMalexhdez"]
[Black "Zmeeed63"]
[Result "1-0"]
[WhiteElo "2306"]
[BlackElo "2396"]
[TimeControl "180+1"]
[EndTime "11:27:31 PST"]
[Termination "FMalexhdez won on time"]

1. e4 Nc6 2. Nf3 d6 3. d4 Nf6 4. Nc3 Bg4 5. Be2 g6 6. h3 Bxf3 7. Bxf3 Bg7 8. O-O O-O 9. Be3 e5 10. Ne2 Re8 11. d5 Ne7 12. c4 c6 13. Qd2 cxd5 14. cxd5 Nd7 15. Rfc1 f5 16. g3 Nf6 17. Nc3 Qd7 18. a4 fxe4 19. Bg2 Nf5 20. Nb5 Rec8 21. Kh2 a6 22. Nc3 Rxc3 23. Rxc3 b5 24. axb5 Qxb5 25. Bf1 Qb7 26. Rc6 Nd4 27. Bxd4 exd4 28. Rxd6 Rb8 29. Raxa6 Qxb2 30. Qxb2 Rxb2 31. Rd8+ Kf7 32. Ra7+ Nd7 33.
Rdxd7+ Kf6 34. Rxg7 d3 35. Rgf7+ Kg5 36. h4+ Kh5 37.
Rxh7+ Kg4 38. Ra1 Rxf2+ 39. Kg1 Kxg3 40. Rg7 Rf6 41. h5 g5 42. Rxg5+ Kf4 43. Rg2 Ke3 44. Rg3+ Kd4 45. Rg6 Rf5 46. h6 Rh5 47. d6 e3 48.
d7 Rd5 49. Rg7 e2 50. h7 d2 51. Bxe2 Ke3 52. h8=Q 1-0

[Event "*** Titled Tuesday Blitz"]
[Site "Chess.com"]
[Date "2020.12.01"]
[Round "8"]
[White "IMTominho"]
[Black "GukeshDommaraju"]
[Result "0-1"]
[WhiteElo "2751"]
[BlackElo "2894"]
[TimeControl "180+1"]
[EndTime "11:27:32 PST"]
[Termination "GukeshDommaraju won by resignation"]

1. d4 d5 2. c4 e6 3. Nc3 Be7 4.
Nf3 Nf6 5. Bf4 O-O 6. e3 c5 7.
dxc5 Bxc5 8. Be2 Nc6 9. cxd5 exd5 10. O-O a6 11. Bg5 Be6 12. Rc1 Ba7 13. Bh4 d4 14. exd4 Nxd4 15. Ne4 Nxf3+ 16. Bxf3 Qxd1 17. Nxf6+ gxf6 18. Rfxd1 Kg7 19. b3 a5 20. Bxb7 Rad8 21.
h3 Bb6 22. Be4 Rxd1+ 23. Rxd1 Rc8 24. g4 Rc3 25. Kg2 h5 26. Bf3 hxg4 27. Bxg4 f5 28. Bf3 Rc2 29. Rd6 Bc7 30. Rc6 Rxc6 31. Bxc6 f4 32. Be7 Kg6 33. Be4+ f5 34. Bc6 Kf7 35. Bc5 Kf6 36. Bd4+ Kg5 37. Kf3 Bf7 38. Bc5 Bh5+ 39.
Kg2 Be2 40. Bf3 Bd3 41. h4+ Kf6 42. Bd4+ Kg6 43. h5+ Kh6 44. Bf6 Bc2 45. Kf1 Bd6 46. Ke1 Bb1 47. a4 Bc2 48. Bd1 Bb4+ 49. Ke2 f3+ 50.
Kxf3 Bxd1+ 51. Kf4 Bc2 0-1

[Event "*** Titled Tuesday Blitz"]
[Site "Chess.com"]
[Date "2020.12.01"]
[Round "8"]
[White "Agibileg"]
[Black "Ladislav1969"]
[Result "0-1"]
[WhiteElo "2520"]
[BlackElo "2379"]
[TimeControl "180+1"]
[EndTime "11:27:32 PST"]
[Termination "Ladislav1969 won by checkmate"]

1. d4 Nf6 2. c4 g6 3. Nc3 d5 4. cxd5 Nxd5 5. e4 Nxc3 6. bxc3 c5 7. Nf3 Bg7 8. Bb5+ Nc6 9. O-O O-O 10. d5 Qa5 11.
Rb1 Ne5 12. Nxe5 Bxe5 13. Be3 Bxc3 14. Bxc5 a6 15. Bxe7 axb5 16. Bxf8 Kxf8 17. e5 Bxe5 18. Qe2 Bf6 19. Rxb5 Qxa2 20. Qf3 Kg7 21. d6 Qc4 22. Rb6 Bg4 23. Qxb7 Rd8 24. Qc7 Qd3 25. h3 Be6 26. Re1 Rd7 27. Qc6 Qd5 28. Qxd5 Bxd5 29. Rd1 Be6 30.
f4 g5 31. g3 gxf4 32. gxf4 Bxh3 33. Kh2 Bf5 34. Rg1+ Kf8 35. Rg3 h5 36. Kg1 h4 37.
Rg2 Bd4+ 38. Kh2 Bxb6 39. Rd2 Be3 40. Rd5 Bxf4+ 41. Kg1 Be6 42. Rh5 Rxd6 43. Rxh4 Be5 44. Re4 f6 45. Re2 Ke7 46. Kf2 Bd4+ 47. Kf3 Be5 48.
Re1 Rd3+ 49. Ke4 Rd4+ 50. Ke3 Ra4 51. Re2 Bd5 52. Re1 Re4+ 53. Kd3 Rxe1 54. Kc2 Re3 55. Kd2 Rc3 56. Ke2 Kd6 57. Kd2 Kc5 58. Ke2 Kd4 59.
Kd2 Bf4+ 60. Ke2 Bf3+ 61. Kf2 Ke4 62. Kf1 Ke3 63. Kg1 Rc1# 0-1